 Dungeon Crawl Stone Soup version 0.22.1-6-g1668fe2c40 (webtiles) character file.

100 Kohma the Shooter (level 4, 0/37 HPs)
             Began as a Centaur Hunter on Jan 21, 2019.
             Slain by a kobold
             ... wielding a +0 falchion
              (4 damage)
             ... on level 2 of the Dungeon.
             The game lasted 00:05:42 (1554 turns).

Kohma the Shooter (Centaur Hunter)                  Turns: 1554, Time: 00:05:43

Health: 0/37       AC:  7    Str: 15    XL:     4   Next: 46%
Magic:  4/4        EV:  7    Int: 10    God:
Gold:   81         SH:  0    Dex: 10    Spells: 3/3 levels left

rFire    . . .     SeeInvis .   b - +0 spear
rCold    . . .     Gourm    +   (no shield)
rNeg     . . .     Faith    .   o - +0 scale mail
rPois    .         Spirit   .   i - +0 helmet
rElec    .         Reflect  .   (no cloak)
rCorr    .         Harm     .   (no gloves)
MR       .....                  (no barding)
Stlth    ..........             h - amulet of the gourmand
HPRegen  0.12/turn              (no ring)
MPRegen  0.09/turn              (no ring)

@: very quick
A: large, hooves 3, deformed body, speed 2, tough skin 3
a: no special abilities


You were on level 2 of the Dungeon.
You were completely stuffed.

You visited 1 branch of the dungeon, and saw 2 of its levels.

You collected 81 gold pieces.

Inventory:

Hand Weapons
 a - a +1 shortbow
 b - a +0 spear (weapon)
 l - a +0 short sword
Missiles
 d - 16 arrows
Armour
 i - a +0 helmet (worn)
 o - a +0 scale mail (worn)
Jewellery
 h - an amulet of the gourmand (around neck)
Scrolls
 j - a scroll of random uselessness {unknown}
 k - 5 scrolls of identify {unknown}
 m - a scroll of fear {unknown}
Potions
 c - a potion of agility
 e - a potion of curing {unknown}
 n - a potion of brilliance {unknown}
Comestibles
 f - 2 rations


   Skills:
 + Level 2.8 Fighting
 + Level 0.1 Polearms
 * Level 6.7 Bows
 + Level 2.1 Dodging
 - Level 0.4 Stealth


You had 3 spell levels left.
You didn't know any spells.
Your spell library was empty.

Dungeon Overview and Level Annotations

Branches:
Dungeon (2/15)

Altars:
Sif Muna


Innate Abilities, Weirdness & Mutations

You have hooves in place of feet.
Armour fits poorly on your strangely shaped body.
You cover ground very quickly.
You have extremely tough skin. (AC +3)


Message History

You are no longer poisoned.
You start resting.
Some of the chunks of flesh in your inventory have rotted away.
All of the chunks of flesh in your inventory have rotted away.
A kobold comes into view. It is wielding a falchion.
The kobold drinks a potion.
The kobold suddenly seems more agile.
Evoke which item? (* to show all) (? for menu, Esc to quit)
Attack whom?
Press: ? - help, Dir - move target cursor, f - kobold
Aim: a kobold, wielding a falchion and wearing a robe (unusually agile)
You closely miss the kobold. The kobold hits you with a falchion.
* * * LOW HITPOINT WARNING * * *
Your scale mail prevents you from hitting the kobold.
The kobold barely misses you.
You closely miss the kobold. The kobold hits you but does no damage.
You barely miss the kobold. You hit the kobold but do no damage.
The kobold hits you with a falchion.
* * * LOW HITPOINT WARNING * * *
The kobold hits you with a falchion.
You die...

##.# #..#.#####
#.. #..#.# ...
#..#.# # ####.#
#..#.# #.#<##.#
#..#.#
#####.#.##.#
#..#.#
.........#†#
#..#.#
####.#K...#
#....#
.......#@#.#
#...##
########.###
#...# #.#
#...#### #.#
#......#
#.#######...##.#
#..[...........#
################


You could see a kobold.

Vanquished Creatures
  4 gnolls (D:2)
  2 adders (D:2)
  A worm (D:2)
  A dart slug (D:1)
  A leopard gecko (D:1)
  2 bats (D:1)
  4 giant cockroaches
  3 goblins (D:1)
  7 hobgoblins
  4 jackals (D:2)
  A quokka (D:2)
  2 frilled lizards
  A kobold (D:1)
  A rat (D:2)
34 creatures vanquished.

Notes
Turn   | Place    | Note
-------+----------+-------------------------------------------
     0 | D:1      | Kohma the Centaur Hunter began the quest for the Orb.
     0 | D:1      | Reached XP level 1. HP: 17/17 MP: 1/1
   155 | D:1      | Reached XP level 2. HP: 22/24 MP: 2/2
   646 | D:2      | Reached skill level 6 in Bows
   921 | D:2      | Found a deep blue altar of Sif Muna.
   947 | D:2      | Reached XP level 3. HP: 26/30 MP: 3/3
  1241 | D:2      | Reached XP level 4. HP: 37/37 MP: 4/4
  1554 | D:2      | Slain by a kobold

Skill      XL: |  1  2  3 |
---------------+----------+-----
Bows           | 6 |  6.7
Dodging        | 2 |  2.1
Fighting       | |  2.8
Polearms       | |  0.1
Stealth        | |  0.4

Action                   |  1- 3 |  4- 6 || total
-------------------------+-------+-------++-------
Melee: Spear             |    10 |    35 ||    45
       Kick              |     2 |     3 ||     5
 Fire: Shortbow          |    66 |    14 ||    80
  Eat: Chunk             |    14 |     1 ||    15
Armor: Ring mail         |     6 |       ||     6
       Scale mail        |    16 |    33 ||    49
Dodge: Dodged            |    19 |    30 ||    49
